Map: Odyssey LE

Players

Galeforce

  • Race: Zerg Zerg
  • League: Diamond
  • Spawn Location: 5:00

Teegs - Winner!

  • Race: Zerg Zerg
  • League: Master
  • Spawn Location: 11:00

VOD

Have the link to the VOD?

Description

Time

  • Played on: Nov. 11, 2017, 3:54 a.m.
  • Length: 6:41
Show
View Real Time Build Order
Export as new Build Order

Galeforce Zerg 

Build Orders: Pool First 

Get SALT Encoding   

  12  0:01  Drone  
  13  0:12  Overlord  
  13  0:17  Drone  
  14  0:30  Drone x2  
  14  0:34  Drone  
  17  0:46  Spawning Pool  
  17  0:49  Drone  
  17  0:53  Extractor  
  17  0:56  Drone  
  17  1:17  Hatchery  
  16  1:24  Drone x2  
  18  1:34  Zergling x2  
  18  1:38  Queen  
  21  1:42  Drone  
  22  1:50  Overlord  
  22  2:00  Metabolic Boost  
  22  2:12  Zergling x4  
  24  2:16  Queen  
  26  2:25  Drone  
  27  2:36  Drone x2  
  28  2:57  Hatchery  
  27  3:00  Drone x4  
  27  3:05  Baneling Nest  
  30  3:16  Zergling x2  
  30  3:17  Zergling x6  
  30  3:19  Zergling x2  
  35  3:28  Overlord  
  35  3:30  Drone  
  36  3:54  Zergling x2  
  36  3:55  Zergling x10  
  42  3:59  Baneling x3  
  42  4:00  Baneling  
  42  4:20  Drone  
  42  4:21  Drone x7  
  47  4:33  Drone x2  
  47  4:34  Overlord x2  
  49  4:46  Roach Warren  
  49  4:49  Evolution Chamber, Drone x2  
  49  4:50  Evolution Chamber, Extractor, Overlord x2  
  49  4:51  Extractor  
  49  4:52  Drone  
  47  5:00  Queen  
  47  5:02  Drone x2  
  51  5:07  Drone  
  51  5:08  Drone x2  
  51  5:14  Drone x3  
  57  5:24  Drone  
  58  5:37  Roach x4  
  58  5:38  Roach x4  
  74  5:57  Roach  
  74  5:58  Roach x3  
  74  5:59  Overlord x3  
Show
View Real Time Build Order
Export as new Build Order

Teegs Zerg - Winner!

Build Orders: Hatch First 

Get SALT Encoding   

  12  0:01  Drone  
  13  0:12  Overlord  
  13  0:16  Drone  
  14  0:31  Drone x2  
  14  0:34  Drone  
  17  0:53  Hatchery  
  17  0:56  Drone  
  17  0:59  Drone  
  18  1:11  Extractor  
  17  1:14  Spawning Pool  
  17  1:17  Drone  
  17  1:22  Drone  
  18  1:28  Drone  
  19  1:39  Overlord  
  19  1:53  Drone  
  20  2:00  Drone, Queen  
  23  2:05  Drone, Queen  
  26  2:11  Zergling x2  
  27  2:16  Zergling x2  
  27  2:22  Zergling x2  
  29  2:36  Queen  
  31  2:41  Queen  
  32  2:49  Overlord  
  32  2:53  Drone x3  
  35  3:07  Overlord  
  35  3:08  Drone x3  
  35  3:11  Drone  
  39  3:17  Drone  
  40  3:35  Evolution Chamber  
  40  3:39  Evolution Chamber  
  38  3:42  Roach Warren  
  38  3:43  Lair  
  38  3:44  Drone x2  
  38  3:45  Extractor, Drone x2  
  40  3:50  Drone  
  40  3:51  Drone x4  
  40  3:52  Drone  
  40  3:54  Drone  
  47  3:56  Drone  
  47  4:02  Zerg Missile Weapons Level 1  
  48  4:08  Overlord  
  48  4:09  Overlord  
  48  4:13  Overlord  
  48  4:17  Overlord  
  48  4:28  Roach  
  48  4:29  Roach x3  
  56  4:37  Roach x4  
  64  4:40  Roach  
  64  4:43  Glial Reconstitution  
  66  4:47  Roach  
  66  4:49  Roach  
  66  4:51  Roach  
  72  4:53  Roach  
  72  4:55  Roach  
  72  4:58  Roach  
  78  5:02  Roach  
  80  5:09  Roach  
  80  5:12  Overlord  
  82  5:14  Overlord  
  82  5:46  Drone  
  82  5:47  Drone x9  
  82  5:48  Hatchery, Extractor  
  90  5:50  Extractor  
  90  5:54  Roach  
  90  5:55  Roach x3  
  95  6:20  Roach x2  
  95  6:24  Spore Crawler  
  96  6:25  Spore Crawler  
Tags
 
Add a new tag
Caveats
  • Supply blocks, unpowered buildings, or Contaminate may cause inaccurate times.
  • Supply counts are checked every 10 seconds.